FCL
FCL OAKLAND ATHLETICS @ FCL MEXICO CITY PADRES
05/08/2042
 
TOP OF THE 1ST
FCL Oakland Athletics batting - Pitching for FCL Mexico City Padres : RHP Jesús Valentín
Pitching: RHP Jesús Valentín
Batting: RHB José Alfaro 0-0: Called Strike
0-1: Ball
1-1: Foul Ball, location: 9LMF
1-2: Strikes out swinging
Batting: RHB Ted Cornwell 0-0: Ball
1-0: Called Strike
1-1: Ball
2-1: Foul Ball, location: 5SF
2-2: Strikes out looking
Batting: RHB Jon Martínez 0-0: Foul Ball, location: 7LMF
0-1: Ground out 6-3 (Groundball, 6, EV 85.0 MPH)
Top of the 1st over - 0 runs, 0 hits, 0 errors, 0 left on base; FCL Oakland 0 - FCL Mexico City 0
BOTTOM OF THE 1ST
FCL Mexico City Padres batting - Pitching for FCL Oakland Athletics : LHP Mike Anderson
Pitching: LHP Mike Anderson
Batting: RHB Chris Nichols 0-0: Called Strike
0-1: Fly out, F9 (Flyball, 9D, EV 96.9 MPH)
Batting: LHB Tyrone Evans 0-0: Ball
1-0: Foul Ball, location: 2F
1-1: Foul Ball, location: 7LMF
1-2: Ball
2-2: Ball
3-2: Foul Ball, location: 2F
3-2: Strikes out swinging
Batting: RHB Tyrone Thomas 0-0: Ball
1-0: DOUBLE (Groundball, 5L, EV 111.3 MPH)
Batting: RHB Jim Unknown 0-0: Ball
1-0: Foul Ball, location: 5F
1-1: Called Strike
1-2: Fly out, F8 (Flyball, 8RXD, EV 101.9 MPH)
Bottom of the 1st over - 0 runs, 1 hit, 0 errors, 1 left on base; FCL Oakland 0 - FCL Mexico City 0
TOP OF THE 2ND
FCL Oakland Athletics batting - Pitching for FCL Mexico City Padres : RHP Jesús Valentín
Batting: RHB Dave King 0-0: Called Strike
0-1: Ball
1-1: Ball
2-1: Ground out 5-3 (Groundball, 56, EV 102.5 MPH)
Batting: LHB Rob Baker 0-0: Foul Ball, location: 7LDF
0-1: Foul Ball, location: 2F
0-2: Ball
1-2: Strikes out swinging
Batting: RHB Edgardo Alvarado 0-0: Called Strike
0-1: Called Strike
0-2: DOUBLE (Line Drive, 8RD, EV 109.4 MPH)
Batting: RHB Cam Adams 0-0: Ball
1-0: Hit by Pitch
Batting: RHB Stan Arais 0-0: Ground out 5-3 (Groundball, 56S, EV 82.5 MPH)
Top of the 2nd over - 0 runs, 1 hit, 0 errors, 2 left on base; FCL Oakland 0 - FCL Mexico City 0
BOTTOM OF THE 2ND
FCL Mexico City Padres batting - Pitching for FCL Oakland Athletics : LHP Mike Anderson
Batting: SHB Tim McCoy 0-0: Foul Ball, location: 2F
0-1: Ball
1-1: Ball
2-1: Ball
3-1: Base on Balls
Batting: SHB Sam Warren 0-0: Called Strike
0-1: Ball
1-1: Swinging Strike
1-2: Ball
2-2: Foul Ball, location: 23F
2-2: DOUBLE (Line Drive, 7LS, EV 94.4 MPH)
Tim McCoy to third
Batting: LHB Luis Rodríguez 0-0: Ball
1-0: Foul Ball, location: 5F
1-1: Ball
2-1: Ball
3-1: Base on Balls
Batting: RHB Jesús Sandoval 0-0: Swinging Strike
0-1: Foul Ball, location: 3SF
0-2: Strikes out swinging
Batting: RHB Luis Moreno 0-0: Called Strike
0-1: Called Strike
0-2: Strikes out swinging
Batting: RHB Chris Nichols 0-0: Foul Ball, location: 2F
0-1: Fielders Choice at 2nd, 5-4 (Groundball, 56, EV 104.4 MPH)
Bottom of the 2nd over - 0 runs, 1 hit, 0 errors, 3 left on base; FCL Oakland 0 - FCL Mexico City 0
TOP OF THE 3RD
FCL Oakland Athletics batting - Pitching for FCL Mexico City Padres : RHP Jesús Valentín
Batting: RHB Todd Conroy 0-0: Called Strike
0-1: Ball
1-1: Called Strike
1-2: Strikes out swinging
Batting: RHB José Alfaro 0-0: Ball
1-0: Foul Ball, location: 2F
1-1: Ball
2-1: Fly out, F6 (Line Drive, 6, EV 75.6 MPH)
Batting: RHB Ted Cornwell 0-0: Called Strike
0-1: Called Strike
0-2: Ball
1-2: Ball
2-2: Foul Ball, location: 9LSF
2-2: Strikes out swinging
Top of the 3rd over - 0 runs, 0 hits, 0 errors, 0 left on base; FCL Oakland 0 - FCL Mexico City 0
BOTTOM OF THE 3RD
FCL Mexico City Padres batting - Pitching for FCL Oakland Athletics : LHP Mike Anderson
Batting: LHB Tyrone Evans 0-0: Ball
1-0: Ball
2-0: Ball
3-0: Called Strike
3-1: Called Strike
3-2: Strikes out swinging
Batting: RHB Tyrone Thomas 0-0: SINGLE (Groundball, 56D, EV 98.8 MPH)
Batting: RHB Jim Unknown 0-0: Fly out, F9 (Flyball, 89D, EV 83.1 MPH)
Batting: SHB Tim McCoy 0-0: Foul Ball, location: 9LDF
0-1: Swinging Strike
0-2: Ball
1-2: Fielders Choice at 2nd, 6-4 (Groundball, 6, EV 80.6 MPH)
Bottom of the 3rd over - 0 runs, 1 hit, 0 errors, 1 left on base; FCL Oakland 0 - FCL Mexico City 0
TOP OF THE 4TH
FCL Oakland Athletics batting - Pitching for FCL Mexico City Padres : RHP Jesús Valentín
Batting: RHB Jon Martínez 0-0: Called Strike
0-1: Ground out 6-3 (Groundball, P, EV 86.3 MPH)
Batting: RHB Dave King 0-0: Called Strike
0-1: Foul Ball, location: 2F
0-2: Ball
1-2: Hit by Pitch
Batting: LHB Rob Baker 0-0: Foul Ball, location: 5SF
0-1: Foul Ball, location: 5F
0-2: Strikes out swinging
Batting: RHB Edgardo Alvarado 0-0: Ball
1-0: Swinging Strike
1-1: Ball
2-1: Ball
3-1: Base on Balls
Dave King to second
Batting: RHB Cam Adams 0-0: Ball
1-0: Ball
2-0: Called Strike
2-1: Ball
3-1: Foul Ball, location: 2F
3-2: Base on Balls
Dave King to third
Edgardo Alvarado to second
Batting: RHB Stan Arais 0-0: Called Strike
0-1: Ball
1-1: Ball
2-1: Foul Ball, location: 2F
2-2: Strikes out swinging
Top of the 4th over - 0 runs, 0 hits, 0 errors, 3 left on base; FCL Oakland 0 - FCL Mexico City 0
BOTTOM OF THE 4TH
FCL Mexico City Padres batting - Pitching for FCL Oakland Athletics : LHP Mike Anderson
Batting: SHB Sam Warren 0-0: Called Strike
0-1: SOLO HOME RUN (Flyball, 7D, EV 108.1 MPH), Distance : 407 ft
Batting: LHB Luis Rodríguez 0-0: Foul Ball, location: 9LDF
0-1: Ball
1-1: Ground out 4-3 (Groundball, 4, EV 83.8 MPH)
Batting: RHB Jesús Sandoval 0-0: Called Strike
0-1: Ball
1-1: Called Strike
1-2: Strikes out looking
Batting: RHB Luis Moreno 0-0: Ball
1-0: Called Strike
1-1: Called Strike
1-2: Ball
2-2: Ball
3-2: Foul Ball, location: 2F
3-2: Base on Balls
Batting: RHB Chris Nichols 0-0: Ball
1-0: Ball
2-0: Called Strike
2-1: Fly out, F8 (Flyball, 78D, EV 102.5 MPH)
Bottom of the 4th over - 1 run, 1 hit, 0 errors, 1 left on base; FCL Oakland 0 - FCL Mexico City 1
TOP OF THE 5TH
FCL Oakland Athletics batting - Pitching for FCL Mexico City Padres : RHP Jesús Valentín
Pitching: RHP Jim Unknown
Batting: RHB Todd Conroy 0-0: Called Strike
0-1: Swinging Strike
0-2: Foul Ball, location: 9LDF
0-2: Strikes out swinging
Batting: RHB José Alfaro 0-0: Called Strike
0-1: Ball
1-1: Foul Ball, location: 9LMF
1-2: Strikes out swinging
Batting: RHB Ted Cornwell 0-0: Ball
1-0: Foul Ball, location: 2LF
1-1: Ground out 4-3 (Groundball, 4, EV 90.0 MPH)
Top of the 5th over - 0 runs, 0 hits, 0 errors, 0 left on base; FCL Oakland 0 - FCL Mexico City 1
BOTTOM OF THE 5TH
FCL Mexico City Padres batting - Pitching for FCL Oakland Athletics : LHP Mike Anderson
Batting: LHB Tyrone Evans 0-0: Ball
1-0: Ball
2-0: Ball
3-0: Called Strike
3-1: Called Strike
3-2: Strikes out swinging
Batting: RHB Tyrone Thomas 0-0: Foul Ball, location: 2F
0-1: Swinging Strike
0-2: Ball
1-2: Ball
2-2: Fly out, F1 (Line Drive, P, EV 72.5 MPH)
Batting: RHB Jim Unknown 0-0: Ball
1-0: Ball
2-0: Ground out 6-3 (Groundball, 6, EV 89.4 MPH)
Bottom of the 5th over - 0 runs, 0 hits, 0 errors, 0 left on base; FCL Oakland 0 - FCL Mexico City 1
TOP OF THE 6TH
FCL Oakland Athletics batting - Pitching for FCL Mexico City Padres : RHP Jim Unknown
Batting: RHB Jon Martínez 0-0: Ball
1-0: Ball
2-0: Ground out 5-3 (Groundball, 56, EV 76.9 MPH)
Batting: RHB Bobby Messer 0-0: Ball
1-0: Called Strike
1-1: Swinging Strike
1-2: Strikes out swinging
Batting: LHB Rob Baker 0-0: SINGLE (Line Drive, 6MD, EV 98.1 MPH)
Batting: RHB Edgardo Alvarado 0-0: Called Strike
0-1: Swinging Strike
0-2: Strikes out looking
Top of the 6th over - 0 runs, 1 hit, 0 errors, 1 left on base; FCL Oakland 0 - FCL Mexico City 1
BOTTOM OF THE 6TH
FCL Mexico City Padres batting - Pitching for FCL Oakland Athletics : LHP Mike Anderson
Batting: SHB Tim McCoy 0-0: Ground out 6-3 (Groundball, 6M, EV 87.5 MPH)
Batting: SHB Sam Warren 0-0: Called Strike
0-1: SOLO HOME RUN (Flyball, 7D, EV 96.9 MPH), Distance : 382 ft
Batting: LHB Luis Rodríguez 0-0: Swinging Strike
0-1: Ball
1-1: Foul Ball, location: 9LDF
1-2: Strikes out swinging
Batting: RHB Jesús Sandoval 0-0: Ball
1-0: Ball
2-0: Foul Ball, location: 3SF
2-1: Fly out, F9 (Flyball, 9, EV 84.4 MPH)
Bottom of the 6th over - 1 run, 1 hit, 0 errors, 0 left on base; FCL Oakland 0 - FCL Mexico City 2
TOP OF THE 7TH
FCL Oakland Athletics batting - Pitching for FCL Mexico City Padres : RHP Jim Unknown
Batting: RHB Cam Adams 0-0: Foul Ball, location: 23FF
0-1: Called Strike
0-2: Fly out, F9 (Flyball, 9S, EV 95.0 MPH)
Batting: RHB Stan Arais 0-0: SINGLE (Line Drive, 56, EV 105.0 MPH)
Batting: RHB Todd Conroy 0-0: Fly out, F7 (Flyball, 7S, EV 81.3 MPH)
Batting: RHB José Alfaro 0-0: Fielders Choice at 2nd, 6-4 (Groundball, 6, EV 88.1 MPH)
Top of the 7th over - 0 runs, 1 hit, 0 errors, 1 left on base; FCL Oakland 0 - FCL Mexico City 2
BOTTOM OF THE 7TH
FCL Mexico City Padres batting - Pitching for FCL Oakland Athletics : LHP Mike Anderson
Batting: RHB Luis Moreno 0-0: Swinging Strike
0-1: Ball
1-1: Called Strike
1-2: Ground out 5-3 (Groundball, 56, EV 91.9 MPH)
Pitching: RHP Julián Pacheco
Batting: RHB Chris Nichols 0-0: Ball
1-0: Ball
2-0: DOUBLE (Flyball, 78D, EV 100.6 MPH)
Batting: LHB Tyrone Evans 0-0: Ball
1-0: Swinging Strike
1-1: Ball
2-1: Swinging Strike
2-2: Strikes out swinging
Batting: RHB Tyrone Thomas 0-0: Ball
1-0: Ball
2-0: Called Strike
2-1: Ball
3-1: 2-RUN HOME RUN (Flyball, 7D, EV 95.0 MPH), Distance : 379 ft
Batting: RHB Jim Unknown 0-0: Ball
1-0: Called Strike
1-1: Ball
2-1: Foul Ball, location: 9LMF
2-2: Strikes out swinging
Bottom of the 7th over - 2 runs, 2 hits, 0 errors, 0 left on base; FCL Oakland 0 - FCL Mexico City 4
TOP OF THE 8TH
FCL Oakland Athletics batting - Pitching for FCL Mexico City Padres : RHP Jim Unknown
Batting: RHB Ted Cornwell 0-0: Fly out, F6 (Popup, 6, EV 64.4 MPH)
Batting: RHB Jon Martínez 0-0: Called Strike
0-1: Ball
1-1: SINGLE (Line Drive, 4D, EV 105.6 MPH)
Batting: RHB Bobby Messer 0-0: Fly out, F9 (Flyball, 9, EV 86.3 MPH)
Batting: LHB Rob Baker 0-0: Ball
1-0: Fielders Choice at 2nd, 5-4 (Groundball, 56, EV 90.6 MPH)
Top of the 8th over - 0 runs, 1 hit, 0 errors, 1 left on base; FCL Oakland 0 - FCL Mexico City 4
BOTTOM OF THE 8TH
FCL Mexico City Padres batting - Pitching for FCL Oakland Athletics : RHP Julián Pacheco
Batting: SHB Tim McCoy 0-0: Ball
1-0: Called Strike
1-1: Swinging Strike
1-2: Ball
2-2: Foul Ball, location: 2F
2-2: Ball
3-2: Strikes out looking
Batting: SHB Sam Warren 0-0: Ball
1-0: Swinging Strike
1-1: Swinging Strike
1-2: Strikes out swinging
Batting: LHB Luis Rodríguez 0-0: Foul Ball, location: 2F
0-1: Ball
1-1: Ball
2-1: Called Strike
2-2: Foul Ball, location: 2F
2-2: Foul Ball, location: 2LF
2-2: Ball
3-2: Foul Ball, location: 7LMF
3-2: Base on Balls
Pitching: RHP José Escobar
Pinch Hitting: RHB Sanho Franca 0-0: Ground out 4-3 (Groundball, 34S, EV 80.6 MPH)
Bottom of the 8th over - 0 runs, 0 hits, 0 errors, 1 left on base; FCL Oakland 0 - FCL Mexico City 4
TOP OF THE 9TH
FCL Oakland Athletics batting - Pitching for FCL Mexico City Padres : RHP Jim Unknown
Now in CF: Joe Coleman
Now in RF: Tyrone Evans
Batting: RHB Edgardo Alvarado 0-0: Ball
1-0: Called Strike
1-1: Hit by Pitch
Batting: RHB Cam Adams 0-0: Called Strike
0-1: Called Strike
0-2: Ball
1-2: Strikes out swinging
Batting: RHB Stan Arais 0-0: Ball
1-0: Ball
2-0: Called Strike
2-1: Ball
3-1: Base on Balls
Edgardo Alvarado to second
Pinch Hitting: RHB Xavier Johnson 0-0: Ball
1-0: Ball
2-0: Foul Ball, location: 3SF
2-1: Ball
3-1: Called Strike
3-2: Strikes out looking
Pitching: RHP Jim Unknown
Pinch Hitting: LHB Jon Prodanovic 0-0: Called Strike
0-1: Ball
1-1: Ball
2-1: Ball
3-1: Called Strike
3-2: Strikes out swinging, 2-3 out at first.
Top of the 9th over - 0 runs, 0 hits, 0 errors, 2 left on base; FCL Oakland 0 - FCL Mexico City 4
Friday, May 3rd , 2024 - OOTP Baseball 24.10 Build 82